 Dungeon Crawl Stone Soup version 0.26.1-10-gdfb7c7de75 (webtiles) character file.

Game seed: 10552620699669429788

68531 Revguard the Brawler (level 14, -8/133 HPs)
             Began as a Troll Monk on Apr 9, 2021.
             Was an Elder of Wu Jian.
             Killed by divine providence
             ... invoked by Saint Roka
              (11 damage)
             ... on level 2 of the Orcish Mines.
             The game lasted 01:27:19 (15179 turns).

Revguard the Brawler (Troll Monk)                  Turns: 15179, Time: 01:27:20

Health: -8/133     AC: 19    Str: 22    XL:     14   Next: 87%
Magic:  13/13      EV: 15    Int:  6    God:    Wu Jian [****..]
Gold:   620        SH:  0    Dex: 20    Spells: 13/13 levels left

rFire    . . .     SeeInvis .     - Unarmed
rCold    . . .     Faith    .   (no shield)
rNeg     + . .     Spirit   .   u - +1 swamp dragon scales
rPois    +         Reflect  .   z - +1 hat
rElec    +         Harm     .   l - scarf {repulsion}
rCorr    .         Rampage  .   (gloves unavailable)
Will     ++...                  (boots unavailable)
Stlth    +.........             C - amulet of regeneration
HPRegen  1.12/turn              e - +4 ring of protection
MPRegen  0.13/turn              r - ring of the Louse {rElec rN+ Dex+4}

@: exhausted, repel missiles
A: large, unfitting armour, claws 3, strong-willed 1, sense surroundings 1,
regeneration 1, shaggy fur 1, tough skin 3
a: Renounce Religion, Wall Jump, Serpent's Lash


You were on level 2 of the Orcish Mines.
You worshipped Wu Jian.
Wu Jian was greatly pleased with you.
You visited 3 branches of the dungeon, and saw 18 of its levels.
You also visited: Bailey.

You collected 1920 gold pieces.
You spent 1300 gold pieces at shops.

Inventory:

Missiles
 i - 69 poisoned darts
 s - 6 javelins
 y - 2 throwing nets
 E - 20 large rocks (quivered)
Armour
 l - a scarf of repulsion (worn)
 u - +1 swamp dragon scales (worn)
 z - a +1 hat (worn)
Jewellery
 b - an uncursed ring of protection from cold
 e - a +4 ring of protection (left claw)
 o - an uncursed ring of resist corrosion
 r - the ring of the Louse (right claw) {rElec rN+ Dex+4}
   (You bought it in a shop on level 12 of the Dungeon)

   [ring of positive energy]

   It affects your dexterity (+4).
   It insulates you from electricity.
   It protects you from negative energy.
 C - an amulet of regeneration (around neck)
 G - an uncursed ring of positive energy
 J - a +6 ring of intelligence {unknown}
Wands
 g - a wand of acid (5)
 h - a wand of enslavement (7)
 q - a wand of random effects (7)
 t - a wand of polymorph (3)
 x - a wand of paralysis (8)
Scrolls
 a - a scroll of fog
 c - a scroll of enchant armour
 d - 5 scrolls of remove curse
 p - 2 scrolls of identify
 v - a scroll of brand weapon
 w - a scroll of torment
 F - a scroll of summoning
 H - a scroll of magic mapping
 I - a scroll of amnesia
Potions
 f - a potion of might
 j - 5 potions of curing
 m - 2 potions of lignification
 n - a potion of magic
 A - 3 potions of flight
 D - a potion of mutation
 L - a potion of cancellation
Miscellaneous
 k - a tin of tremorstones (inert)


   Skills:
 * Level 7.6 Fighting
 * Level 7.9 Throwing
 * Level 7.7 Armour
 * Level 8.3 Dodging
 - Level 1.0 Stealth
 * Level 18.8 Unarmed Combat
 + Level 1.1 Evocations


You had 13 spell levels left.
You didn't know any spells.
Your spell library contained the following spells:

 Spells                   Type           Power        Failure   Level
 Sandblast                Erth           0%           58%         1
 Summon Small Mammal      Summ           0%           58%         1
 Call Imp                 Summ           0%           75%         2
 Passwall                 Tmut/Erth      0%           75%         2
 Call Canine Familiar     Summ           0%           92%         3
 Stone Arrow              Conj/Erth      0%           92%         3
 Summon Guardian Golem    Hex/Summ       0%           92%         3
 Ice Form                 Ice/Tmut       0%           100%        4
 Leda's Liquefaction      Hex/Erth       0%           100%        4
 Petrify                  Tmut/Erth      0%           100%        4
 Summon Ice Beast         Ice/Summ       0%           100%        4
 Summon Lightning Spire   Summ/Air       0%           100%        4
 Bolt of Magma            Conj/Fire/Erth 0%           100%        5
 Lee's Rapid Deconstruct  Erth           0%           100%        5
 Metabolic Englaciation   Hex/Ice        0%           100%        5
 Freezing Cloud           Conj/Ice/Air   0%           100%        6
 Iron Shot                Conj/Erth      0%           100%        6
 Ozocubu's Refrigeration  Ice            0%           100%        6
 Simulacrum               Ice/Necr       0%           100%        6
 Statue Form              Tmut/Erth      0%           100%        6
 Shatter                  Erth           0%           100%        9


Dungeon Overview and Level Annotations

Branches:
Dungeon (15/15)            Temple (1/1) D:5            Lair (0/6) D:11
    Orc (2/2) D:9             Elf (0/3) Orc:2        Vaults (0/5) D:13
 Depths (0/5) D:15         Bailey (visited)

Altars:
Ashenzari
Cheibriados
Dithmenos
Elyvilon
Fedhas
Gozag
Hepliaklqana
Kikubaaqudgha
Makhleb
Nemelex Xobeh
Okawaru
Qazlal
Ru
Sif Muna
Trog
Uskayaw
Vehumet
Wu Jian
Xom
Yredelemnul
Zin
The Shining One

Shops:
D:4 [   D:12 =   D:13 (   Orc:2 !!

Portals:
Trove: D:13 (give 6 scrolls of fog)

Annotations:
Orc:2 Saint Roka


Innate Abilities, Weirdness & Mutations

You are too large for most types of armour.
You have claws for hands.
Your natural rate of healing is unusually fast.
You are covered in fur. (AC +1)
You have extremely tough skin. (AC +3)
You are strong-willed. (Will+)
You passively map a small area around you.


Message History

Saint Roka mumbles some strange prayers to Beogh against you.
Beogh smites you!
* * * LOW HITPOINT WARNING * * *
The orc warrior misses you.
You feel much better.
The orc warrior hits you with a +0 short sword!!
* * * LOW HITPOINT WARNING * * *
The orc priest closely misses you. Saint Roka hits you with a +0 bardiche.
* * * LOW HITPOINT WARNING * * *
The orc warrior hits you with a +0 mace.
* * * LOW HITPOINT WARNING * * *
You feel much better. The orc warrior barely misses you.
The orc priest calls down the wrath of Beogh upon you.
Beogh smites you!
* * * LOW HITPOINT WARNING * * *
The orc warrior hits you with a +0 mace!
* * * LOW HITPOINT WARNING * * *
Saint Roka invokes the aid of Beogh against you.
Beogh smites you!
You die...

##......##........###. ,
###.#....###.......###..
##........##.......## ,#.
#..............#..## # ,
...#......##.....##*, ,
#........##.....###. *#.
#..............###.. *#..
#..#..o.....####...*#..#
#...).Co@....###.#.#*..#
,,
....#.)oo...###.....o.#*
.......)...###.....#4##∩,
.....T(#.$..# #......o#
,.......##....# #.#o## *
......# #....# #.o.## ,
...... *##..... ##..)## ,
.#... #.#.##. ##o.)##,
..., ..#.,, *##o44##


You could see Saint Roka, a cyclops, a troll, 2 orc warriors and an orc priest
(strong).

Vanquished Creatures
  Jorgrun (D:12)
  Kirke (D:15)
  Roxanne (D:14)
  Louise (D:15)
  Azrael (Orc:2)
  An ettin (D:14)
  A rakshasa (D:14)
  Erolcha (D:11)
  Harold (D:11)
  4 vault guards (D:13)
  2 boulder beetles (D:13)
  3 centaur warriors
  An ogre mage (D:14)
  6 two-headed ogres
  Urug (Orc:2)
  A soul eater (Orc:2)
  Nergalle (D:11)
  A sixfirhy (Orc:2)
  2 unseen horrors
  A wizard (D:15)
  Pikel (D:6)
  A necromancer (D:15)
  5 orc sorcerers
  5 orc knights
  An oklob plant (D:11)
  A wolf spider (D:14)
  A manticore (D:12)
  22 ugly things
  5 cyclopes
  A rust devil (Orc:2)
  2 naga magi (D:15)
  Maggie (D:7)
  An orange demon (Orc:2)
  A kobold demonologist (D:8)
  An ice devil (Orc:2)
  A komodo dragon (D:14)
  2 freezing wraiths (D:15)
  A hellwing (Orc:2)
  9 trolls
  3 tengu conjurers
  Prince Ribbit (D:6)
  Sigmund (D:2)
  A shadow (D:12)
  2 centaur simulacra
  A water elemental (D:13)
  13 yaks
  3 wraiths
  2 vampires
  3 fire elementals (Orc:2)
  3 wyverns
  4 basilisks
  5 hogs (D:15)
  8 humans (D:13)
  4 vampire mosquitoes
  A warg (Orc:2)
  2 acid dragons
  A soldier ant (D:13)
  38 orc warriors
  4 hell hounds (Orc:2)
  Duvessa (D:4)
  4 sky beasts
  A black bear (D:13)
  2 ice beasts
  3 phantoms (D:9)
  4 necrophages
  9 ogres
  2 lemures (D:6)
  4 centaurs
  12 big kobolds
  4 bullfrogs
  Blork the orc (D:6)
  Dowan (D:4)
  A water moccasin zombie (D:9)
  A wyvern zombie (D:13)
  2 scorpions
  11 killer bees
  19 wights
  5 electric eels (D:13)
  7 howler monkeys
  8 centaur zombies
  9 hounds
  A bullfrog zombie (D:7)
  4 bullfrog skeletons
  2 jellies
  20 orc priests
  3 centaur skeletons
  A quasit (D:6)
  14 orc wizards
  7 iguanas
  6 worker ants
  A killer bee zombie (D:7)
  2 worker ant zombies
  12 adders
  A white imp (D:7)
  5 ufetubi
  An ooze (D:2)
  2 adder zombies
  2 worms
  2 dart slugs (D:3)
  4 leopard geckos
  75 orcs
  6 giant cockroaches
  11 goblins
  10 hobgoblins
  4 jackals
  3 quokkas
  A ball python (D:3)
  6 bats
  6 frilled lizards
  39 kobolds
  A leopard gecko zombie (D:7)
  7 rats
  A bush (D:7)
565 creatures vanquished.

Vanquished Creatures (collateral kills)
  2 orc warriors (Bailey)
2 creatures vanquished.

Vanquished Creatures (others)
  An unseen horror (D:14)
  A cyclops (D:14)
  58 plants
60 creatures vanquished.

Grand Total: 627 creatures vanquished

Notes
Turn   | Place    | Note
-------+----------+-------------------------------------------
     0 | D:1      | Revguard the Troll Monk began the quest for the Orb.
     0 | D:1      | Reached XP level 1. HP: 22/22 MP: 0/0
   153 | D:1      | Reached XP level 2. HP: 29/29 MP: 1/1
   657 | D:2      | Reached XP level 3. HP: 36/36 MP: 2/2
   709 | D:2      | Noticed Sigmund
   757 | D:2      | Killed Sigmund
   758 | D:2      | Reached skill level 1 in Throwing
   758 | D:2      | Reached skill level 1 in Armour
   758 | D:2      | Reached skill level 4 in Unarmed Combat
   758 | D:2      | Reached XP level 4. HP: 28/44 MP: 3/3
   758 | D:2      | Reached XP level 5. HP: 33/52 MP: 4/4
  2083 | D:3      | Reached XP level 6. HP: 61/61 MP: 5/5
  2393 | D:3      | Gained mutation: You are strong-willed. (Will+) [potion of
                  | mutation]
  2393 | D:3      | Gained mutation: You passively map a small area around you.
                  | [potion of mutation]
  2529 | D:4      | Noticed Duvessa
  2531 | D:4      | Noticed Dowan
  2539 | D:4      | Killed Duvessa
  2540 | D:4      | Reached skill level 5 in Unarmed Combat
  2557 | D:4      | Killed Dowan
  2559 | D:4      | Found Fechil's Antique Armour Shoppe.
  2689 | D:4      | Reached XP level 7. HP: 67/67 MP: 6/6
  2797 | D:4      | Reached skill level 6 in Unarmed Combat
  3251 | D:5      | Entered Level 5 of the Dungeon
  3595 | D:5      | Found a shimmering blue altar of Sif Muna.
  4051 | D:5      | Found a staircase to the Ecumenical Temple.
  4163 | Temple   | Entered the Ecumenical Temple
  4195 | Temple   | Became a worshipper of the Wu Jian Council
  4195 | Temple   | Reached * piety under Wu Jian
  4195 | Temple   | Reached ** piety under Wu Jian
  4377 | D:6      | Reached skill level 7 in Unarmed Combat
  4377 | D:6      | Reached XP level 8. HP: 75/75 MP: 7/7
  4518 | D:6      | Found a white marble altar of Elyvilon.
  4571 | D:6      | Noticed Pikel
  4603 | D:6      | Killed Pikel
  4604 | D:6      | Reached skill level 8 in Unarmed Combat
  4871 | D:6      | Noticed Prince Ribbit
  4879 | D:6      | Killed Prince Ribbit
  4880 | D:6      | Reached skill level 5 in Dodging
  4880 | D:6      | Reached XP level 9. HP: 84/84 MP: 8/8
  4887 | D:6      | Noticed Blork the orc
  4915 | D:6      | Killed Blork the orc
  4916 | D:6      | Reached skill level 9 in Unarmed Combat
  5292 | D:7      | Found a hide-covered altar of Uskayaw.
  5295 | D:7      | Found a sacrificial altar of Ru.
  5306 | D:7      | Noticed Maggie
  5311 | D:7      | Reached *** piety under Wu Jian
  5332 | D:7      | Killed Maggie
  5587 | D:7      | Found a blossoming altar of Fedhas.
  5622 | D:7      | Reached skill level 10 in Unarmed Combat
  6482 | D:8      | Noticed a kobold demonologist
  6485 | D:8      | Noticed a smoke demon
  6488 | D:8      | Killed a kobold demonologist
  6489 | D:8      | Reached XP level 10. HP: 94/94 MP: 9/9
  6524 | D:8      | Reached skill level 11 in Unarmed Combat
  6534 | D:8      | Reached **** piety under Wu Jian
  6735 | D:9      | Found a glowing silver altar of Zin.
  6753 | D:9      | Found a staircase to the Orcish Mines.
  7332 | D:9      | Reached skill level 12 in Unarmed Combat
  7622 | D:10     | Entered Level 10 of the Dungeon
  7702 | D:10     | Found a flagged portal.
  7717 | Bailey   | Entered a bailey
  7780 | Bailey   | Reached skill level 5 in Fighting
  7866 | Bailey   | Noticed an orc knight
  7966 | Bailey   | Killed an orc knight
  7966 | Bailey   | Reached skill level 5 in Throwing
  7966 | Bailey   | Reached XP level 11. HP: 50/102 MP: 10/10
  8855 | D:11     | Found a staircase to the Lair.
  8855 | D:11     | Noticed an oklob plant
  8865 | D:11     | Killed an oklob plant
  8872 | D:11     | Noticed Harold
  8887 | D:11     | Killed Harold
  8976 | D:11     | Noticed a two-headed ogre
  8980 | D:11     | Killed a two-headed ogre
  8980 | D:11     | Reached skill level 13 in Unarmed Combat
  9007 | D:11     | Reached skill level 5 in Armour
  9007 | D:11     | Reached ***** piety under Wu Jian
  9235 | D:11     | Noticed Nergalle
  9254 | D:11     | Noticed Erolcha
  9255 | D:11     | Killed Nergalle
  9259 | D:11     | Killed Erolcha
 10021 | D:12     | Reached skill level 14 in Unarmed Combat
 10036 | D:12     | Noticed Jorgrun
 10038 | D:12     | Reached XP level 12. HP: 86/113 MP: 11/11
 10056 | D:12     | Killed Jorgrun
 10261 | D:12     | Found Fahic's Jewellery Emporium.
 10269 | D:12     | Bought the ring of the Louse {rElec rN+ Dex+4} for 593 gold
                  | pieces
 10558 | D:13     | Found a portal to a secret trove of treasure.
 10620 | D:13     | Noticed a centaur warrior
 10624 | D:13     | Killed a centaur warrior
 10653 | D:13     | Noticed a boulder beetle
 10662 | D:13     | Killed a boulder beetle
 10663 | D:13     | Reached skill level 15 in Unarmed Combat
 10666 | D:13     | Noticed a boulder beetle
 10671 | D:13     | Killed a boulder beetle
 10897 | D:13     | Noticed a centaur warrior
 10906 | D:13     | Killed a centaur warrior
 11097 | D:13     | Found Tiar Sux's Weapon Shoppe.
 11254 | D:13     | Noticed a vault guard
 11254 | D:13     | Noticed a vault guard
 11256 | D:13     | Noticed a vault guard
 11257 | D:13     | Noticed a vault guard
 11262 | D:13     | Killed a vault guard
 11278 | D:13     | Killed a vault guard
 11278 | D:13     | Killed a vault guard
 11287 | D:13     | Reached XP level 13. HP: 46/122 MP: 12/12
 11369 | D:13     | Found a gate to the Vaults.
 11566 | D:14     | Reached skill level 16 in Unarmed Combat
 12095 | D:14     | Noticed an ettin
 12099 | D:14     | Killed an ettin
 12229 | D:14     | Noticed Roxanne
 12243 | D:14     | Killed Roxanne
 12244 | D:14     | Reached skill level 17 in Unarmed Combat
 12244 | D:14     | Reached skill level 1 in Evocations
 12770 | D:15     | Entered Level 15 of the Dungeon
 12853 | D:15     | Reached XP level 14. HP: 90/133 MP: 13/13
 13277 | D:15     | Noticed Kirke
 13292 | D:15     | Noticed a sphinx
 13298 | D:15     | Killed Kirke
 13334 | D:15     | Noticed Louise
 13348 | D:15     | Killed Louise
 13449 | D:15     | Reached skill level 18 in Unarmed Combat
 13544 | D:15     | Found a staircase to the Depths.
 13864 | Orc:1    | Entered Level 1 of the Orcish Mines
 14300 | Orc:2    | Entered Level 2 of the Orcish Mines
 14313 | Orc:2    | Noticed Azrael
 14323 | Orc:2    | Killed Azrael
 14495 | Orc:2    | Found a staircase to the Elven Halls.
 14581 | Orc:2    | Found Neemid's Distillery.
 14583 | Orc:2    | Found Falimoag's Distillery.
 14585 | Orc:2    | Noticed Urug
 14601 | Orc:2    | HP: 3/133 [orc priest/divine providence (10)]
 14795 | Orc:2    | Killed Urug
 14941 | Orc:2    | Bought a potion of curing for 51 gold pieces
 14941 | Orc:2    | Bought a potion of mutation for 136 gold pieces
 14941 | Orc:2    | Bought a potion of curing for 51 gold pieces
 14941 | Orc:2    | Bought a potion of heal wounds for 85 gold pieces
 14943 | Orc:2    | Bought a potion of cancellation for 128 gold pieces
 14943 | Orc:2    | Bought 2 potions of heal wounds for 160 gold pieces
 14943 | Orc:2    | Bought 2 potions of curing for 96 gold pieces
 15165 | Orc:2    | Noticed Saint Roka
 15178 | Orc:2    | HP: 3/133 [orc warrior/+0 mace[Saint Roka] (5)]
 15179 | Orc:2    | Killed from afar by Saint Roka

Illustrated notes

Levels and vault maps discovered:
D:1:      dpeg_arrival_houses_and_road, layout_rooms
D:2:      minmay_angry_zag, layout_loops_cross, uniq_sigmund
D:3:      minmay_octagon_keep, layout_basic
D:4:      layout_cave_pods, serial_shops, shop, serial_bayou_pond_a,
          uniq_duvessa
D:5:      layout_loops_ring, lemuel_blue_sif_altar, minmay_temple_entry_fiery
D:6:      layout_basic, overflow_temple_1_default, grunt_decor_resistance,
          uniq_pikel, uniq_blork_the_orc, uniq_prince_ribbit1
D:7:      layout_cave_pools, fedhas_altar_decomposition,
          grunt_temple_overflow_open, serial_glass, glass_columns_b,
          glass_columns_a, feat_on_display, chequers_serial_rivers_room_b,
          dk_noncrumbling_2, uniq_maggie
D:8:      layout_basic, special_room [special_room_kobold]
D:9:      layout_stronghold, kennysheep_mini, david_orc_3
D:10:     layout_irregular_city, enter_bailey_3
D:11:     layout_irregular_city, dpeg_oklobed_lair, corner_web_ring,
          uniq_erolcha, uniq_harold, uniq_nergalle
D:12:     minmay_cornered_nines, layout_cave_pools, serial_shops, shop_statue,
          minmay_liquid_box, uniq_jorgrun
D:13:     layout_gridville, ximxim_vaults_locker_room,
          nicolae_trove_entry_columns, serial_bayou, serial_bayou_lagoon_a,
          serial_bayou_pond_e, serial_bayou_crossing, serial_bayou_ford_a,
          serial_bayou_lagoon_b, serial_bayou_pond_c, serial_shops,
          nicolae_shop_trees
D:14:     layout_stronghold, patterned_corridor, kennysheep_nub,
          kennysheep_just_a_vault, uniq_roxanne
D:15:     grunt_enter_depths_magical_seal, layout_gridville, uniq_kirke,
          uniq_louise
Temple:   regret_index_temple_sphere_string
Orc:1:    nicolae_orc_accident_1, layout_caves, mines1_david
Orc:2:    pf_orc_diabolical, layout_caves, uniq_azrael, uniq_saint_roka,
          uniq_urug

Skill      XL: |  1  2  3  4  5  6  7  8  9 10 11 12 13 14 |
---------------+-------------------------------------------+-----
Throwing       | 1 2 3 4 5 6 7 |  7.9
Armour         | 1 2 3 4 5 6 7 |  7.7
Dodging        | 3 4 5 6 7 8 |  8.3
Unarmed Combat | 4 5 7 8 10 12 14 15 17 18 | 18.8
Fighting       | 3 4 5 6 7 |  7.6
Evocations     | 1 |  1.1
Stealth        | |  1.0

Action                   |  1- 3 |  4- 6 |  7- 9 | 10-12 | 13-15 || total
-------------------------+-------+-------+-------+-------+-------++-------
Melee: Unarmed           |   105 |   162 |   351 |   679 |   674 ||  1971
       Punch             |     1 |     2 |    12 |    43 |    89 ||   147
Throw: Stone             |     3 |       |       |       |       ||     3
       Dart              |     5 |       |    35 |    16 |       ||    56
       Large rock        |       |       |       |    17 |    27 ||    44
Invok: Whirlwind         |       |       |   151 |   279 |   254 ||   684
       Lunge             |       |       |    24 |    85 |    58 ||   167
       Serpent's Lash    |       |       |       |    15 |    16 ||    31
       Heavenly Storm    |       |       |       |       |     1 ||     1
 Abil: Wall Jump         |       |       |     1 |    16 |    13 ||    30
Evoke: Wand              |       |       |     2 |     7 |     6 ||    15
       Tin of tremorston |       |       |     2 |     2 |     2 ||     6
  Use: Potion            |     6 |     5 |       |     8 |     9 ||    28
       Scroll            |     4 |     3 |     8 |    11 |     5 ||    31
 Stab: Sleeping          |       |     1 |     1 |     1 |       ||     3
       Distracted        |       |     1 |       |       |       ||     1
       Invisible         |       |       |       |       |     1 ||     1
Armor: Robe              |    55 |    90 |   101 |       |       ||   246
       Skin              |       |       |     2 |       |       ||     2
       Swamp dragon scal |       |       |     9 |   223 |   138 ||   370
Dodge: Dodged            |    59 |    80 |   207 |   321 |   232 ||   899
       Repelled          |       |       |     1 |     8 |     4 ||    13
